 Dungeon Crawl Stone Soup version 0.19-a0-1670-gc28a5d9 (webtiles) character file.

1794 beholder the Vexing (level 8, -1/62 HPs)
             Began as a Demonspawn Skald on Sept 21, 2016.
             Was a Follower of Kikubaaqudgha.
             Slain by an orc warrior
             ... wielding a +0 battleaxe
              (22 damage)
             ... on level 6 of the Dungeon.
             The game lasted 00:48:55 (6056 turns).

beholder the Vexing (Demonspawn Skald)              Turns: 6056, Time: 00:48:55

Health: -1/62      AC:  4    Str: 16    XL:     8   Next: 82%
Magic:  6/12       EV: 20    Int: 14    God:    Kikubaaqudgha [*.....]
Gold:   310        SH:  0    Dex: 18    Spells: 5 memorised, 1 level left

rFire  + . .     SeeInvis .     p - +4 quarterstaff (chaos)
rCold  . . .     Gourm    .     F - +1 robe "Qaqus" {rN+ Str+2}
rNeg   + . .     Faith    .     (shield currently unavailable)
rPois  +         Spirit   .     (helmet restricted)
rElec  .         Dismiss  .     q - +0 cloak {rPois}
rCorr  .         Reflect  .     (no gloves)
MR     .....     Harm     .     (no boots)
Stlth  +++.......               (no amulet)
                                (no ring)
                                (no ring)

@: agile, very slightly contaminated, regenerating (expiring)
A: horns 2, repulsion field 1, fire resistance 1, powered by pain 1
a: Receive Corpses, Renounce Religion


You were on level 6 of the Dungeon.
You worshipped Kikubaaqudgha.
Kikubaaqudgha was aware of your devotion.
You were hungry.

You visited 1 branch of the dungeon, and saw 6 of its levels.
You also visited: Ossuary.

You collected 330 gold pieces.
You spent 20 gold pieces at shops.

Inventory:

Hand Weapons
 a - a +0 spear
 p - a +4 quarterstaff of chaos (weapon)
 B - a +0 lajatang
Armour
 h - a +2 robe of the Archmagi
 q - a +0 cloak of poison resistance (worn)
 w - a +2 ring mail of fire resistance
 F - the +1 robe "Qaqus" (worn) {rN+ Str+2}
   (You found it on level 5 of the Dungeon)

   It affects your strength (+2).
   It protects you from negative energy.
Scrolls
 b - a scroll of enchant armour {unknown}
 f - 2 scrolls of fear
 i - 4 scrolls of recharging {unknown}
 k - a scroll of fog {unknown}
 m - a scroll of blinking {unknown}
 n - 4 scrolls of amnesia {unknown}
 y - a scroll of remove curse
 A - a scroll of random uselessness {unknown}
 C - 4 scrolls of identify
 G - a scroll of enchant weapon
 I - a scroll of immolation {unknown}
Potions
 e - a potion of brilliance {unknown}
 j - 4 potions of haste
 l - a potion of mutation {unknown}
 o - a potion of experience {unknown}
 s - 4 potions of heal wounds {unknown}
 u - 2 potions of agility {unknown}
 v - a potion of magic {unknown}
 x - 3 potions of degeneration {unknown}
 z - 3 potions of curing {unknown}
 D - a potion of lignification {unknown}
 E - 3 potions of flight {unknown}
 H - a potion of ambrosia {unknown}
Books
 c - a book of Battle

   Spells                             Type                      Level
   a - Infusion                       Charms                       1
   b - Shroud of Golubria             Charms/Translocation         2
   c - Song of Slaying                Charms                       2
   d - Spectral Weapon                Hexes/Charms                 3
   e - Regeneration                   Charms/Necromancy            3
 r - a book of Conjurations

   Spells                             Type                      Level
   a - Magic Dart                     Conjuration                  1
   b - Searing Ray                    Conjuration                  2
   c - Dazzling Spray                 Conjuration/Hexes            3
   d - Fulminant Prism                Conjuration/Hexes            4
   e - Iskenderun's Mystic Blast      Conjuration                  4
   f - Iskenderun's Battlesphere      Conjuration/Charms           5
 t - Kikubaaqudgha's Volume of Unholy Secrets
   (Kikubaaqudgha gifted it to you in an ossuary)

   Spells                             Type                      Level
   a - Animate Skeleton               Necromancy                   1
   b - Corpse Rot                     Necromancy                   2
   c - Sublimation of Blood           Necromancy                   2
   d - Regeneration                   Charms/Necromancy            3
   e - Control Undead                 Necromancy                   4
Comestibles
 d - 2 bread rations
 g - 2 meat rations


   Skills:
 - Level 5.0 Fighting
 + Level 4.7 Polearms
 - Level 2.2 Armour
 - Level 2.0 Dodging
 + Level 2.7 Spellcasting
 - Level 5.0 Hexes
 - Level 5.0 Charms
 + Level 4.8 Necromancy


You had one spell level left.
You knew the following spells:

 Your Spells              Type           Power        Failure   Level  Hunger
a - Infusion              Chrm           ###.         2%          1    #......
c - Corpse Rot            Necr           N/A          6%          2    ###....
r - Regeneration          Chrm/Necr      ###.......   10%         3    ###....
s - Song of Slaying       Chrm           ###.....     4%          2    ###....
w - Spectral Weapon       Hex/Chrm       ###.....     10%         3    ###....


Dungeon Overview and Level Annotations

Branches:
Dungeon (6/15)             Temple (0/1) D:5

Altars:
Elyvilon
Hepliaklqana
Kikubaaqudgha
Makhleb
Nemelex Xobeh
Sif Muna
Xom

Shops:
D:4 ?

Annotations:
D:6 Blork the orc


Innate Abilities, Weirdness & Mutations

You have a pair of horns on your head.
You are surrounded by a mild repulsion field. (EV +2)
Your flesh is heat resistant. (rF+)
You sometimes gain a little power by taking damage.


Message History

You feel agile all of a sudden.
The orc moves out of view.
Blork the orc screams, "I'll drink your blood!
Soon!"
Blork the orc casts a spell.
You see here an adder corpse.
You take 19 damage, and have 30/62 hp.
MASSIVE DAMAGE!!
An orc comes into view. It is wielding a club.
The orc warrior hits you with a battleaxe!
You take 10 damage, and have 20/62 hp.
Casting: Regeneration
Confirm with . or Enter, or press ? or * to list all spells.
You miscast Corpse Rot.
You are very lightly contaminated with residual magic.
You hear strange and distant voices.
You are feeling hungry.
The orc shouts!
Blork the orc completely misses you. The crimson imp completely misses you.
The orc warrior hits you with a battleaxe!!
You die...
Kikubaaqudgha rasps: "You have failed me!
Welcome... death!"

#).## ###...########
###...#........#########
#
#.....########.......>.#
!.#.##..### #########..
#...##....# #..
...(...!.#.#### #..
...#..#..5....# # ##. .
##....o@g#...# #..
#.[..o...!..# #..
#......##o...# ##..
#........ .... .....
#............. ......
#.......[####.. ......
........... . .####.
...####..### #. ### ####
#.


You could see Blork the orc, an orc warrior, a gnoll, a crimson imp and an orc.

Vanquished Creatures
  Grinder (D:3)
  Sigmund (D:2)
  Eustachio (D:5)
  Duvessa (D:4)
  An ogre (D:4)
  A phantom (D:4)
  An elf zombie (Ossuary)
  3 bullfrogs
  Dowan (D:4)
  2 scorpions (D:4)
  A howler monkey (D:6)
  A bullfrog zombie (D:6)
  A jelly (D:6)
  A hound (D:5)
  A human zombie (Ossuary)
  Crazy Yiuf (D:2)
  2 worker ants
  An iguana (D:5)
  A big kobold zombie (Ossuary)
  A hound skeleton (D:5)
  5 mummies
  8 adders
  3 gnolls (D:4)
  3 adder zombies
  4 worms
  A dart slug (D:2)
  9 leopard geckos
  20 orcs
  7 bats
  6 giant cockroaches
  A gnoll zombie (Ossuary)
  10 goblins
  11 hobgoblins
  11 jackals
  9 kobolds
  A quokka (D:2)
  4 frilled lizards
  2 hobgoblin zombies (D:5)
  2 jackal zombies (Ossuary)
  A kobold zombie (Ossuary)
  A leopard gecko skeleton (D:5)
  An orc zombie (Ossuary)
  A quokka skeleton (D:4)
  3 rats
  2 rat zombies (Ossuary)
  A plant (D:4)
151 creatures vanquished.

Notes
Turn   | Place    | Note
-------+----------+-------------------------------------------
     0 | D:1      | beholder the Demonspawn Skald began the quest for the Orb.
     0 | D:1      | Reached XP level 1. HP: 16/16 MP: 3/3
    17 | D:1      | Reached skill level 1 in Dodging
   114 | D:1      | Reached skill level 1 in Armour
   297 | D:1      | Gained mutation: You sometimes gain a little power by taking damage. [demonic ancestry]
   297 | D:1      | Reached XP level 2. HP: 21/22 MP: 5/5
   657 | D:1      | Gained mutation: Your flesh is heat resistant. (rF+) [demonic ancestry]
   657 | D:1      | Reached XP level 3. HP: 24/27 MP: 6/6
  1179 | D:2      | Learned a level 3 spell: Regeneration
  1288 | D:2      | Found a white marble altar of Elyvilon.
  1661 | D:2      | Gained mutation: You have a pair of small horns on your head. [demonic ancestry]
  1661 | D:2      | Reached XP level 4. HP: 18/33 MP: 0/7
  1666 | D:2      | Learned a level 3 spell: Spectral Weapon
  2068 | D:2      | Found a runed door.
  2073 | D:2      | Noticed Crazy Yiuf
  2083 | D:2      | Killed Crazy Yiuf
  2083 | D:2      | Reached skill level 1 in Necromancy
  2311 | D:2      | Noticed Sigmund
  2335 | D:3      | Reached skill level 1 in Hexes
  2383 | D:3      | Noticed Grinder
  2463 | D:3      | Paralysed by Grinder for 3 turns
  2495 | D:2      | Gained mutation: You have a pair of horns on your head. [demonic ancestry]
  2495 | D:2      | Reached XP level 5. HP: 13/38 MP: 8/8
  3104 | D:2      | Killed Sigmund
  3104 | D:2      | Gained mutation: You are surrounded by a mild repulsion field. (EV +2) [demonic ancestry]
  3104 | D:2      | Reached XP level 6. HP: 44/44 MP: 2/9
  3285 | D:3      | Found a hazy altar of Hepliaklqana.
  3440 | D:3      | Killed Grinder
  3440 | D:3      | Reached XP level 7. HP: 27/50 MP: 7/10
  3978 | D:4      | Found a shimmering altar of Xom.
  3994 | D:4      | Noticed Dowan
  3998 | D:4      | Noticed Duvessa
  4001 | D:4      | Killed Duvessa
  4003 | D:4      | Killed Dowan
  4337 | D:4      | Found Jutyuklon's Magic Scroll Shoppe.
  4341 | D:4      | Bought a scroll of identify for 20 gold pieces
  4379 | D:4      | Found a deep blue altar of Sif Muna.
  4391 | D:4      | Found a shimmering altar of Xom.
  4399 | D:4      | Reached XP level 8. HP: 60/60 MP: 11/11
  4402 | D:4      | Found a sparkling altar of Nemelex Xobeh.
  4460 | D:4      | Reached skill level 5 in Hexes
  4624 | D:5      | Entered Level 5 of the Dungeon
  4727 | D:5      | Noticed Eustachio
  4734 | D:5      | Killed Eustachio
  4736 | D:5      | Found an ancient bone altar of Kikubaaqudgha.
  4744 | D:5      | Became a worshipper of Kikubaaqudgha
  4868 | D:5      | Found a sand-covered staircase.
  4902 | Ossuary  | Entered an ossuary
  4906 | Ossuary  | Learned a level 2 spell: Song of Slaying
  4990 | Ossuary  | Reached skill level 5 in Charms
  5012 | Ossuary  | Reached * piety under Kikubaaqudgha
  5012 | Ossuary  | Identified Kikubaaqudgha's Volume of Unholy Secrets (Kikubaaqudgha gifted it to you in an ossuary)
  5012 | Ossuary  | Received a gift from Kikubaaqudgha
  5379 | D:5      | Learned a level 2 spell: Corpse Rot
  5390 | D:5      | Got a faintly humming robe
  5401 | D:5      | Identified the +1 robe "Qaqus" {rN+ Str+2} (You found it on level 5 of the Dungeon)
  5422 | D:5      | Found a burning altar of Makhleb.
  5560 | D:5      | Found a staircase to the Ecumenical Temple.
  6012 | D:6      | Reached skill level 5 in Fighting
  6047 | D:6      | Noticed Blork the orc
  6056 | D:6      | Slain by an orc warrior

Vault maps used:
D:1:      elethiomel_arrival_shortcut
D:2:      elyvilon_altar_5, uniq_crazy_yiuf_cottage, uniq_sigmund
D:3:      old_standard_altar, uniq_grinder
D:4:      gammafunk_temple_overflow_forgotten, serial_curves, eino_curves_03,
          eino_curves_04, eino_curves_02, serial_shops, shop, tgw_xom,
          uniq_duvessa
D:5:      makhleb_heckhound_becter, kiku_gazebo_garden_becter,
          nicolae_ossuary_entry_giza, first_bread, uniq_eustachio
D:6:      corexii_shantytown, uniq_prince_ribbit1, uniq_blork_the_orc
Ossuary:  ossuary_minmay_tomb_2a

Skill      XL: |  1  2  3  4  5  6  7  8 |
---------------+-------------------------+-----
Dodging        | 1 2 |  2.0
Armour         | 1 2 |  2.2
Polearms       | 2 3 4 |  4.7
Charms         | 3 4 5 |  5.0
Necromancy     | 1 2 4 |  4.8
Hexes          | 1 2 3 4 5 |  5.0
Fighting       | 3 5 |  5.0
Spellcasting   | |  2.7

Action                   |  1- 3 |  4- 6 |  7- 9 || total
-------------------------+-------+-------+-------++-------
Melee: Spear             |   165 |    74 |       ||   239
       Headbutt          |       |    13 |    40 ||    53
       Quarterstaff      |       |    29 |   217 ||   246
       Unarmed           |       |       |     4 ||     4
 Cast: Infusion          |     7 |     5 |       ||    12
       Spectral Weapon   |       |     2 |     6 ||     8
       Regeneration      |       |       |     8 ||     8
       Corpse Rot        |       |       |     1 ||     1
       Song of Slaying   |       |       |     1 ||     1
  Use: Scroll            |       |     2 |     5 ||     7
 Stab: Confused          |       |       |     2 ||     2
       Distracted        |       |       |     1 ||     1
       Paralysed         |       |       |     2 ||     2
       Petrified         |       |       |     1 ||     1
       Sleeping          |       |       |     1 ||     1
  Eat: Chunk             |     2 |     5 |     7 ||    14
       Pizza             |       |     1 |       ||     1
       Bread ration      |       |       |     1 ||     1
Armor: Leather armour    |    36 |     7 |       ||    43
       Robe              |       |     3 |    67 ||    70
Dodge: Dodged            |    77 |    51 |   212 ||   340
